[Event "Titled Tuesday Blitz May 16 Late 2023"]
[White "Tomaszewski, Kacper"]
[Black "Pichot, Alan"]
[WhiteFideId "1127373"]
[BlackFideId "110973"]
[WhiteElo "2211"]
[BlackElo "2573"]
[Result "0-1"]
[Round "01"]
[TimeControl "180+2"]
[Date "2023.05.16"]
[WhiteClock "0:00:03"]
[BlackClock "0:01:20"]

1. c4 Nf6 2. Nc3 e6 3. d4 Bb4 4. Bf4 O-O 5. e3 b6 6. Ne2 Bb7 7. a3 Be7 8. d5 a5 9. e4 Na6 10. Ng3 Nc5 11. e5 Ne8 12. b3 Bg5 13. Bxg5 Qxg5 14. Qh5 Qxh5 15. Nxh5 Nxb3 16. Rd1 Nc5 17. f4 f6 18. Be2 fxe5 19. fxe5 Rf5 20. dxe6 dxe6 21. Rf1 Rxe5 22. Kf2 Nd6 23. Ng3 Rf8+ 24. Kg1 Rxf1+ 25. Bxf1 Re3 26. Nb5 Nxb5 27. cxb5 Bd5 28. Be2 Rxa3 29. Bh5 g6 30. Bg4 Ra2 31. Ne2 h5 32. Nc3 Rxg2+ 0-1


[Site "https://www.chess.com"]

[Event "Titled Tuesday Blitz May 16 Late 2023"]
[White "Grigoriants, Sergey"]
[Black "Bilan, Danila"]
[WhiteFideId "4130804"]
[BlackFideId "24161918"]
[WhiteElo "2502"]
[BlackElo "2182"]
[Result "1/2-1/2"]
[Round "01"]
[TimeControl "180+2"]
[Date "2023.05.16"]
[WhiteClock "0:00:05"]
[BlackClock "0:00:10"]

1. d4 d5 2. c4 c6 3. Nc3 Nf6 4. e3 e6 5. Nf3 Nbd7 6. Qc2 Bd6 7. Bd3 O-O 8. O-O e5 9. cxd5 cxd5 10. e4 exd4 11. Nxd5 Nxd5 12. exd5 h6 13. Nxd4 Ne5 14. Bf5 Qh4 15. Qe4 Qf6 16. Bf4 Re8 17. Rac1 Bxf5 18. Qxf5 Qxf5 19. Nxf5 Nf3+ 20. gxf3 Bxf4 21. Rc4 g6 22. Rxf4 gxf5 23. Rc1 Re2 24. Rb4 b6 25. Rc7 Rd2 26. Rd7 Re8 27. Kg2 Ree2 28. Kg3 Rxf2 29. Kf4 Rxh2 30. Kxf5 Rh5+ 31. Ke4 Rh4+ 32. f4 Rhh2 33. Rd4 Rxb2 34. d6 Kg7 35. Re7 Kf6 36. Rc7 Rhe2+ 37. Kd5 Rbd2 38. d7 Rxd4+ 39. Kxd4 Ke7 40. Rxa7 Rd2+ 41. Ke5 Rxd7 42. Ra6 Rb7 43. f5 f6+ 44. Kd5 Kd7 45. Ra3 Rc7 46. Rg3 Rc5+ 47. Ke4 Rc4+ 48. Kd5 Rc5+ 49. Ke4 Rc4+ 50. Kd5 Rc5+ 1/2-1/2


[Site "https://www.chess.com"]

[Event "Titled Tuesday Blitz May 16 Late 2023"]
[White "Bortnyk, Mykola"]
[Black "Ladan, Nicholas"]
[WhiteFideId "14120836"]
[BlackFideId "30918855"]
[WhiteElo "2582"]
[BlackElo "2167"]
[Result "1-0"]
[Round "01"]
[TimeControl "180+2"]
[Date "2023.05.16"]
[WhiteClock "0:00:37"]
[BlackClock "0:00:00"]

1. d4 d5 2. c4 c6 3. Nc3 Nf6 4. Nf3 e6 5. Bg5 Nbd7 6. e3 Qa5 7. Nd2 Ne4 8. Ndxe4 dxe4 9. Bf4 e5 10. Bg3 Bb4 11. Qc2 O-O 12. Be2 exd4 13. exd4 Nf6 14. O-O Bxc3 15. Qxc3 Qxc3 16. bxc3 Bg4 17. f3 exf3 18. gxf3 Rfe8 19. Rfe1 Bf5 20. Kf2 Re6 21. Bf1 Rae8 22. Rxe6 Rxe6 23. a4 Nh5 24. Bb8 a6 25. Ra2 Re8 26. Be5 f6 27. Bd6 g5 28. Rb2 Bc8 29. c5 Kg7 30. a5 Nf4 31. Bxf4 gxf4 32. Re2 Rxe2+ 33. Kxe2 Be6 34. Kd3 Bf5+ 35. Kd2 Kf7 36. Bd3 Ke6 37. c4 Bxd3 38. Kxd3 h5 39. Ke4 f5+ 40. Kxf4 Kf6 41. h4 1-0


[Site "https://www.chess.com"]

[Event "Titled Tuesday Blitz May 16 Late 2023"]
[White "Przybylski, Wojciech"]
[Black "Baskakov, Egor"]
[WhiteFideId "1117599"]
[BlackFideId "24197866"]
[WhiteElo "2222"]
[BlackElo "2225"]
[Result "0-1"]
[Round "01"]
[TimeControl "180+2"]
[Date "2023.05.16"]
[WhiteClock "0:00:00"]
[BlackClock "0:00:07"]

1. e4 c5 2. Nf3 Nf6 3. Nc3 d5 4. exd5 Nxd5 5. Bc4 Nb6 6. Bb5+ Bd7 7. a4 e6 8. O-O Be7 9. d4 O-O 10. dxc5 Bxc5 11. Ne4 Be7 12. Bd3 h6 13. a5 Nd5 14. Ne5 Qc7 15. Nxd7 Nxd7 16. c3 Rad8 17. Bc2 Nc5 18. Qf3 Nxe4 19. Qxe4 Nf6 20. Qe2 b6 21. a6 Bc5 22. Ra4 Rd7 23. h3 Rfd8 24. Rf4 Bd6 25. Rxf6 gxf6 26. Bxh6 f5 27. Qe3 Be7 28. Bf4 Qc5 29. Qg3+ Kh7 30. Be3 Qc4 31. Qf3 Qh4 32. Bf4 Bd6 33. Be3 Kg8 34. Ra1 Be5 35. Rb1 Bg7 36. Rf1 Bh6 37. Bd4 Bg7 38. Be3 Be5 39. Re1 f4 40. Bc1 Qf6 41. Qe4 Bc7 42. Qh7+ Kf8 43. Qe4 Ke7 44. b3 Bd6 45. c4 f3 46. Qxf3 Qxf3 47. gxf3 Bc5 48. Kf1 Rh8 49. Bb2 Rxh3 50. Kg2 Rh6 51. Bc3 Bd4 52. Bb4+ Bc5 53. Bc3 Bd4 54. Bb4+ Kf6 55. Re4 e5 56. Rg4 Rd8 57. Bd2 Rh5 58. Kf1 Bxf2 59. Bc3 Bd4 60. Be1 Rh1+ 61. Ke2 Rdh8 62. Rg2 R8h2 63. Rxh2 Rxh2+ 64. Kd3 Ke6 65. b4 f5 66. c5 bxc5 67. bxc5 Bxc5 68. Bb3+ Kf6 69. Bc3 Bd4 70. Bb4 Rh3 71. Bd5 Bb6 72. Bc3 Rh8 73. Kc4 Rc8+ 74. Kd3 Bd4 75. Bd2 Bb6 76. Bc3 Bd4 77. Bd2 Rb8 78. Bb7 Rd8 79. Kc4 Bb6 80. Be1 Rd4+ 81. Kb5 Ke6 82. Bc8+ Kd5 83. Bb7+ Ke6 84. Bb4 e4 85. fxe4 fxe4 86. Bc8+ Kd5 87. Bb7+ Ke6 88. Bc8+ Kf7 89. Bb7 e3 90. Bf3 Rf4 91. Be2 Rf2 92. Bc4+ Ke8 93. Be1 Rb2+ 94. Kc6 Rc2 95. Kd5 e2 96. Bb4 Rb2 0-1


[Site "https://www.chess.com"]

[Event "Titled Tuesday Blitz May 16 Late 2023"]
[White "Liu, Eric"]
[Black "Durarbayli, Vasif"]
[WhiteFideId "30960240"]
[BlackFideId "13402935"]
[WhiteElo "2094"]
[BlackElo "2551"]
[Result "0-1"]
[Round "01"]
[TimeControl "180+2"]
[Date "2023.05.16"]
[WhiteClock "0:00:01"]
[BlackClock "0:00:17"]

1. b3 d5 2. Bb2 c5 3. e3 a6 4. h4 Nc6 5. Be2 e5 6. c4 d4 7. d3 Bd6 8. e4 Nge7 9. Nd2 O-O 10. h5 h6 11. Ngf3 b5 12. a4 bxa4 13. Rxa4 Rb8 14. Ba3 a5 15. Nh4 Bd7 16. Bg4 Nb4 17. Bxd7 Nxd3+ 18. Ke2 Nf4+ 19. Kf1 Qxd7 20. Rxa5 Ra8 21. Rxa8 Rxa8 22. Bb2 Bc7 23. g3 Nd3 24. Qb1 Nb4 25. Kg2 Qg4 26. f3 Qg5 27. Nf1 Ra2 28. Kh3 Qxh5 29. g4 Qg5 30. Bc1 Qf6 31. Bd2 Ng6 32. Kg3 Nxh4 33. Rxh4 Rxd2 34. Nxd2 Qf4+ 35. Kg2 Qxd2+ 36. Kg3 Qf4+ 37. Kg2 Bd8 38. Rh1 Bg5 39. Qb2 d3 40. Ra1 d2 41. Qc3 Kh7 42. Kh3 Bh4 43. Rg1 Bf2 44. Rg2 d1=Q 45. Rh2 Qg3# 0-1


[Site "https://www.chess.com"]

[Event "Titled Tuesday Blitz May 16 Late 2023"]
[White "Molenda, Marcin"]
[Black "Babazada, Khazar"]
[WhiteFideId "1173065"]
[BlackFideId "13413554"]
[WhiteElo "2286"]
[BlackElo "2351"]
[Result "0-1"]
[Round "01"]
[TimeControl "180+2"]
[Date "2023.05.16"]
[WhiteClock "0:00:20"]
[BlackClock "0:00:08"]

1. e4 c5 2. c3 d5 3. exd5 Qxd5 4. d4 Nf6 5. Nf3 Bg4 6. Be2 e6 7. Na3 cxd4 8. Nb5 Qd8 9. Nbxd4 a6 10. h3 Bh5 11. O-O Bc5 12. Bf4 O-O 13. Qc2 Qe7 14. Rad1 Nbd7 15. Bg5 h6 16. Bh4 Bg6 17. Qb3 e5 18. Nc2 b5 19. Ne3 Bxe3 20. fxe3 Qc5 21. Kh1 Qxe3 22. Rfe1 Nc5 23. Qb4 Nfe4 24. Bf1 Qf4 25. Be7 Rfc8 26. Rd5 a5 27. Qxb5 Rab8 28. Qxa5 Nf2+ 29. Kg1 Ncd3 30. Bxd3 Nxd3 31. Rf1 Rxb2 32. Rd8+ Rxd8 33. Qxd8+ Kh7 34. Ng5+ hxg5 35. Rxf4 Nxf4 36. Bxg5 Rxg2+ 37. Kf1 Bd3+ 38. Ke1 Re2+ 39. Kd1 Bc2+ 40. Kc1 Nd3+ 41. Qxd3+ Bxd3 42. Bd2 Bc4 43. a4 e4 44. a5 e3 0-1


[Site "https://www.chess.com"]

[Event "Titled Tuesday Blitz May 16 Late 2023"]
[White "Kramnik, Vladimir"]
[Black "Ljukin, Sergei"]
[WhiteFideId "4101588"]
[BlackFideId "14102200"]
[WhiteElo "2703"]
[BlackElo "2312"]
[Result "1-0"]
[Round "01"]
[TimeControl "180+2"]
[Date "2023.05.16"]
[WhiteClock "0:00:12"]
[BlackClock "0:00:00"]

1. e4 e6 2. d4 d5 3. exd5 exd5 4. Nf3 Nf6 5. Bd3 c5 6. O-O Nc6 7. Re1+ Be7 8. dxc5 O-O 9. h3 Bxc5 10. Nc3 d4 11. Ne4 Nxe4 12. Bxe4 h6 13. a3 a5 14. Qd3 Qf6 15. Bd2 Rd8 16. Rad1 b6 17. b4 axb4 18. axb4 Bf8 19. b5 Ra3 20. Qc4 Na5 21. Bxa5 Rxa5 22. Rxd4 Rxd4 23. Nxd4 Bc5 24. c3 Be6 25. Bd5 Bxd5 26. Qxd5 g6 27. Qc4 Kg7 28. g3 Ra3 29. Re3 Ra1+ 30. Kg2 Rb1 31. Rf3 Qe7 32. Qd5 Rb2 33. h4 h5 34. Nc6 Qe6 35. Qxe6 fxe6 36. Nd8 Rxb5 37. Nxe6+ Kh6 38. Rf7 Rb2 39. Ng5 1-0


[Site "https://www.chess.com"]

[Event "Titled Tuesday Blitz May 16 Late 2023"]
[White "Hirneise, Jens"]
[Black "Donchenko, Alexander"]
[WhiteFideId "24614734"]
[BlackFideId "24603295"]
[WhiteElo "2345"]
[BlackElo "2554"]
[Result "0-1"]
[Round "01"]
[TimeControl "180+2"]
[Date "2023.05.16"]
[WhiteClock "0:00:00"]
[BlackClock "0:02:05"]

1. d4 Nf6 2. Nf3 g6 3. g3 Bg7 4. Bg2 b6 5. O-O Bb7 6. c4 O-O 7. Nc3 Ne4 8. Qc2 Nxc3 9. Qxc3 c5 10. Be3 Nc6 11. Qd2 cxd4 12. Nxd4 Rc8 13. Rfd1 Nxd4 14. Bxd4 Bxg2 15. Kxg2 Rxc4 16. Bxg7 Kxg7 17. Qxd7 Qa8+ 18. Kg1 e6 19. Qd3 Rfc8 20. Rd2 h5 21. h4 R8c7 22. Rad1 Qc6 23. Qf3 Qb5 24. b3 Rc3 25. Qf4 Rc1 26. Kg2 Rxd1 27. Rxd1 Rc2 0-1


[Site "https://www.chess.com"]

[Event "Titled Tuesday Blitz May 16 Late 2023"]
[White "Xiong, Jeffery"]
[Black "KorolDimitriy75"]
[WhiteFideId "2047640"]
[WhiteElo "2726"]
[BlackElo "2474"]
[Result "1-0"]
[Round "01"]
[TimeControl "180+2"]
[Date "2023.05.16"]
[WhiteClock "0:02:14"]
[BlackClock "0:00:00"]

1. e4 c5 2. Nf3 d6 3. Nc3 Nf6 4. d4 cxd4 5. Qxd4 a6 6. Nd5 Nc6 7. Nxf6+ gxf6 8. Qe3 Bg7 9. Bd3 f5 10. exf5 Bxf5 11. O-O Bg6 12. Nh4 O-O 13. Nf5 Bf6 14. Qg3 Kh8 15. Bg5 Bxg5 16. Qxg5 e6 17. Qxd8 Rfxd8 18. Ne3 Rac8 19. Bxg6 hxg6 20. c3 d5 21. Rad1 d4 22. cxd4 Nxd4 23. Rfe1 Kg7 24. Kf1 Kf8 25. Rd2 Nc6 26. Red1 Ke7 27. Rxd8 Rxd8 28. Rxd8 Kxd8 29. h4 Ke7 30. Ke2 f5 31. Nc4 e5 32. f3 Ke6 33. g4 Nd4+ 34. Ke3 Nc2+ 35. Kf2 Nb4 36. h5 fxg4 37. h6 Kf6 38. fxg4 g5 39. Nxe5 Nxa2 40. Ke3 Nb4 41. Kd4 Nc2+ 42. Kc5 Ne3 43. Kb6 Nd5+ 44. Kxb7 Ne7 45. h7 Kg7 46. Kxa6 1-0


[Site "https://www.chess.com"]

[Event "Titled Tuesday Blitz May 16 Late 2023"]
[White "Mikhalsky, Vladimir"]
[Black "Mekhitarian, Krikor Sevag"]
[WhiteFideId "14144352"]
[BlackFideId "2107660"]
[WhiteElo "2236"]
[BlackElo "2604"]
[Result "0-1"]
[Round "01"]
[TimeControl "180+2"]
[Date "2023.05.16"]
[WhiteClock "0:00:53"]
[BlackClock "0:01:04"]

1. c4 c5 2. Nf3 Nc6 3. d4 cxd4 4. Nxd4 Nf6 5. Nc3 e6 6. e4 Bb4 7. f3 O-O 8. Nc2 Ba5 9. Bg5 d5 10. cxd5 exd5 11. exd5 Qxd5 12. Bxf6 Qe6+ 13. Be2 Qxf6 14. O-O Bxc3 15. bxc3 Qxc3 16. Kh1 Bf5 17. Ne1 Rad8 18. Qc1 Qxc1 19. Rxc1 Nd4 20. Bd3 Be6 21. Bc4 Rc8 0-1


[Site "https://www.chess.com"]

[Event "Titled Tuesday Blitz May 16 Late 2023"]
[White "Iturrizaga Bonelli, Eduardo"]
[Black "Jimenez Almeida, Luis David"]
[WhiteFideId "3901211"]
[BlackFideId "22242244"]
[WhiteElo "2637"]
[BlackElo "2245"]
[Result "1-0"]
[Round "01"]
[TimeControl "180+2"]
[Date "2023.05.16"]
[WhiteClock "0:01:41"]
[BlackClock "0:00:45"]

1. c4 g6 2. g3 Bg7 3. Bg2 f5 4. Nc3 Nf6 5. d4 d6 6. Nh3 O-O 7. d5 a5 8. O-O Qe8 9. Nf4 c6 10. Be3 Na6 11. Rc1 Ng4 12. Bd4 Ne5 13. b3 c5 14. Be3 Nc7 15. Nd3 Ng4 16. Bd2 Bd7 17. a4 e5 18. dxe6 Bc6 19. Nf4 Nxe6 20. Ncd5 Rd8 21. Bxa5 Rd7 22. e3 Ng5 23. h3 Ne5 24. Bc3 Kh8 25. Kh2 Ngf7 26. a5 h6 27. e4 fxe4 28. Bxe4 g5 29. Nh5 g4 30. Nxg7 Kxg7 31. Qxg4+ Kh8 32. f4 1-0


[Site "https://www.chess.com"]

[Event "Titled Tuesday Blitz May 16 Late 2023"]
[White "Petrovic, Aleksa"]
[Black "Sattarov, Bobir"]
[WhiteFideId "967629"]
[BlackFideId "14203081"]
[WhiteElo "2309"]
[BlackElo "2351"]
[Result "0-1"]
[Round "01"]
[TimeControl "180+2"]
[Date "2023.05.16"]
[WhiteClock "0:00:03"]
[BlackClock "0:01:12"]

1. e4 e5 2. Nf3 Nc6 3. Bc4 Nf6 4. d4 exd4 5. O-O Nxe4 6. Re1 d5 7. Bxd5 Qxd5 8. Nc3 Qa5 9. Nxe4 Be6 10. Neg5 O-O-O 11. Nxe6 fxe6 12. Rxe6 h6 13. Qe2 Bd6 14. h3 g5 15. Bd2 Qf5 16. Qe4 Qf7 17. Re1 Kb8 18. Qg6 Qd7 19. c3 dxc3 20. Bxc3 Rhg8 21. Qxh6 g4 22. hxg4 Rxg4 23. Qh5 Rgg8 24. Rg6 Qf7 25. Ree6 Ne7 26. Rxg8 Qxg8 27. Ng5 Nd5 28. Be5 Nf4 29. Bxf4 Bxf4 30. Nf7 Qxf7 0-1


[Site "https://www.chess.com"]

[Event "Titled Tuesday Blitz May 16 Late 2023"]
[White "Pires, Marcos Vinicius Torsani"]
[Black "Bazeev, German"]
[WhiteFideId "2118939"]
[BlackFideId "24119350"]
[WhiteElo "2273"]
[BlackElo "2466"]
[Result "0-1"]
[Round "01"]
[TimeControl "180+2"]
[Date "2023.05.16"]
[WhiteClock "0:00:08"]
[BlackClock "0:00:25"]

1. d4 Nf6 2. Bf4 g6 3. e3 Bg7 4. Nf3 O-O 5. Be2 d6 6. h3 Nc6 7. O-O Nd7 8. Bh2 h6 9. c4 e5 10. Nc3 exd4 11. exd4 Re8 12. Re1 a5 13. Qd2 b6 14. Rad1 Bb7 15. Bf4 Kh7 16. Bf1 Ne7 17. d5 Nc5 18. Nd4 Qd7 19. Ncb5 Ng8 20. b3 Nf6 21. Bd3 Ba6 22. Bc2 Bxb5 23. Nxb5 Rxe1+ 24. Rxe1 Re8 25. Rxe8 Nxe8 26. Qe2 Nf6 27. Bd2 Qd8 28. Bc3 Ng8 29. Bxg7 Kxg7 30. Qe3 Nf6 31. a3 h5 32. b4 axb4 33. axb4 Ncd7 34. Nd4 Ne5 35. Bd3 Qa8 36. Bf1 Qa4 37. Qc3 Qd1 38. Nf3 Nxf3+ 39. Qxf3 Qxf3 40. gxf3 h4 41. Bd3 Nh5 42. Bf1 Kf6 43. Kg2 Nf4+ 44. Kh2 Ke5 45. Kg1 Kd4 46. Kh2 g5 47. Kg1 f5 48. Kh2 Ng6 49. Kg2 f4 50. Be2 Ne5 51. Kf1 Nxc4 52. Ke1 Kc3 53. Kd1 Kxb4 54. Kc2 Ne5 55. Bd1 Kc5 56. Kc3 Kxd5 57. Bb3+ Kc5 58. Be6 d5 59. Bf5 d4+ 60. Kd2 b5 61. Be4 b4 62. Kc2 Kc4 63. Kb2 b3 64. Bf5 Kb4 65. Be4 c5 66. Kc1 c4 67. Kb1 d3 68. Kb2 c3+ 69. Kc1 c2 70. Kb2 Nc4+ 71. Kc1 Kc3 72. Bxd3 b2# 0-1


[Site "https://www.chess.com"]

[Event "Titled Tuesday Blitz May 16 Late 2023"]
[White "Shapiro, Viktor"]
[Black "Kravtsiv, Martyn"]
[WhiteFideId "4175700"]
[BlackFideId "14113147"]
[WhiteElo "2152"]
[BlackElo "2695"]
[Result "0-1"]
[Round "01"]
[TimeControl "180+2"]
[Date "2023.05.16"]
[WhiteClock "0:00:16"]
[BlackClock "0:01:14"]

1. c4 e6 2. Nc3 d5 3. d4 Bb4 4. Nf3 Nf6 5. Bg5 Nbd7 6. e3 c5 7. a3 Bxc3+ 8. bxc3 Qa5 9. Qc2 Ne4 10. Rc1 Nxg5 11. Nxg5 h6 12. Nf3 Qxa3 13. cxd5 exd5 14. Bd3 c4 15. Be2 O-O 16. O-O Re8 17. Ra1 Qd6 18. Qb2 a6 19. Nd2 b5 20. Bf3 Bb7 21. Nxc4 dxc4 22. Bxb7 Ra7 23. Bf3 f5 24. Qc2 g6 25. g4 fxg4 26. Bxg4 Kg7 27. Rae1 Nf6 28. Bf3 a5 29. e4 Qf4 30. Bg2 Ng4 0-1


[Site "https://www.chess.com"]

[Event "Titled Tuesday Blitz May 16 Late 2023"]
[White "Suyarov, Mukhammadzokhid"]
[Black "Bagrationi, Alexander"]
[WhiteFideId "14210495"]
[BlackFideId "14104954"]
[WhiteElo "2361"]
[BlackElo "2398"]
[Result "1-0"]
[Round "01"]
[TimeControl "180+2"]
[Date "2023.05.16"]
[WhiteClock "0:00:21"]
[BlackClock "0:00:05"]

1. d4 d5 2. Nc3 c6 3. Bf4 Nf6 4. e3 Bf5 5. Nf3 Nbd7 6. Bd3 Bg6 7. O-O Qb6 8. a3 e6 9. b4 Be7 10. Na4 Qd8 11. Nc5 Nxc5 12. bxc5 b5 13. cxb6 axb6 14. Ne5 Qc8 15. Nxg6 hxg6 16. c4 O-O 17. Qb3 Nd7 18. cxd5 exd5 19. Rfc1 Qb7 20. Rc3 Rfc8 21. Be2 c5 22. Bf3 c4 23. Qc2 b5 24. h3 b4 25. Rxc4 Rxc4 26. Qxc4 dxc4 27. Bxb7 Rxa3 28. Rc1 b3 29. Rxc4 b2 30. Be4 Nf6 31. Rc8+ Kh7 32. Rb8 Nxe4 33. Rxb2 g5 34. Be5 f6 35. Bb8 Ra1+ 36. Kh2 Rf1 37. f3 Bd6+ 38. Bxd6 Nxd6 39. e4 Rd1 40. d5 Nf7 41. Kg3 Ne5 42. Ra2 Kg6 43. h4 Nc4 44. hxg5 Kxg5 45. Ra4 Ne3 46. Ra3 Nf1+ 47. Kf2 Rb1 48. Ra7 Kg6 49. Ra2 Rd1 50. Ra3 Rb1 51. Rc3 Nd2 52. Ke2 Nb3 53. Kd3 Na5 54. Ke3 Nb7 55. Rc6 Kg5 56. Kf2 Rb5 57. Kg3 Nc5 58. Rc7 Kg6 59. Kf4 Nd3+ 60. Ke3 Ne5 61. Kf4 Rb3 62. Ra7 Rd3 63. Ra6 Nc4 64. Rc6 Nd2 65. Rc2 Kf7 66. Rc7+ Kg6 67. Rc2 Kh6 68. Kf5 Nf1 69. Rc8 Ne3+ 70. Ke6 Nxg2 71. Kf7 Rxf3 72. Rh8+ Kg5 73. d6 g6 74. d7 Rd3 75. d8=Q Rxd8 76. Rxd8 Nf4 77. Ra8 Nd3 78. Ra5+ Ne5+ 79. Kg7 Kh5 80. Kxf6 1-0


[Site "https://www.chess.com"]

[Event "Titled Tuesday Blitz May 16 Late 2023"]
[White "Koc, Przemyslaw"]
[Black "Pakleza, Zbigniew"]
[WhiteFideId "1109081"]
[BlackFideId "1119290"]
[WhiteElo "2161"]
[BlackElo "2410"]
[Result "0-1"]
[Round "01"]
[TimeControl "180+2"]
[Date "2023.05.16"]
[WhiteClock "0:00:00"]
[BlackClock "0:00:06"]

1. d4 d6 2. e4 Nf6 3. Nc3 c6 4. Bg5 Qb6 5. Rb1 Nbd7 6. Nf3 e5 7. Be2 Be7 8. O-O O-O 9. a4 Re8 10. h3 Bf8 11. Be3 Qc7 12. d5 cxd5 13. exd5 Nc5 14. Nd2 Bf5 15. b4 Ncd7 16. Nb5 Qb8 17. Rc1 a6 18. Na3 Nxd5 19. c4 Nxb4 20. Qb3 Nc6 21. Bf3 Nc5 22. Bxc5 dxc5 23. Bd5 Nd4 24. Qe3 Bg6 25. Ne4 Qc7 26. Nb1 Kh8 27. Nbc3 Rab8 28. Kh1 h6 29. h4 f5 30. Nd2 Be7 31. Qh3 Bh5 32. f3 Bf6 33. Rb1 b6 34. Rfe1 Bg6 35. h5 Bh7 36. Rb2 Qd7 37. Nf1 b5 38. axb5 axb5 39. cxb5 Nxb5 40. Reb1 e4 41. Rxb5 Rxb5 42. Nxb5 Qxd5 43. Nc7 Qd3 44. Re1 Rc8 45. Ne6 exf3 46. gxf3 Re8 47. Qg3 Qd7 48. Nf4 Rxe1 49. Qxe1 Qd8 50. Qe6 Bg5 51. Nd5 Bg8 52. Qxf5 Qxd5 53. Qg6 Qxf3+ 54. Kg1 Qf7 55. Qe4 Qxh5 56. Ng3 Qf7 57. Kh2 c4 58. Nf5 c3 59. Nd4 Qf4+ 60. Qxf4 Bxf4+ 61. Kg2 Be5 62. Nc2 Bh7 0-1


[Site "https://www.chess.com"]

[Event "Titled Tuesday Blitz May 16 Late 2023"]
[White "Sviridov, Valery"]
[Black "krucki03"]
[WhiteFideId "4120680"]
[WhiteElo "2457"]
[BlackElo "2470"]
[Result "1-0"]
[Round "01"]
[TimeControl "180+2"]
[Date "2023.05.16"]
[WhiteClock "0:01:19"]
[BlackClock "0:00:02"]

1. d4 Nf6 2. Nf3 c5 3. e3 b6 4. c3 Bb7 5. Nbd2 e6 6. Bd3 d5 7. O-O Be7 8. Ne5 O-O 9. f4 Ne4 10. Qc2 f5 11. Nxe4 fxe4 12. Be2 Nd7 13. Ng4 Rc8 14. Qd1 Bd6 15. Bd2 Qe7 16. a3 Nf6 17. Nf2 Nd7 18. g3 Kh8 19. Kh1 Bc6 20. Rg1 Rg8 21. Nh3 Rcf8 22. g4 c4 23. g5 g6 24. Nf2 Rf7 25. Ng4 Rgf8 26. h4 Rg7 27. Rg2 Rf5 28. Rh2 Nf8 29. Be1 Be8 30. Bg3 Rff7 31. Nh6 Rf5 32. Kg2 b5 33. Bg4 a5 34. Qe2 a4 35. Rah1 Bxa3 36. bxa3 Qxa3 37. h5 Qxc3 38. hxg6 Bxg6 39. Nxf5 exf5 40. Bh5 Kg8 41. Bxg6 Nxg6 42. Rb1 b4 43. Be1 Qd3 44. Qxd3 exd3 45. Rxb4 Rc7 46. Bc3 Nf8 47. Rxa4 Ne6 48. Ra6 1-0


[Site "https://www.chess.com"]

[Event "Titled Tuesday Blitz May 16 Late 2023"]
[White "Rodshtein, Maxim"]
[Black "Lucas, Arthur"]
[WhiteFideId "2806851"]
[BlackFideId "26093073"]
[WhiteElo "2555"]
[BlackElo "2251"]
[Result "1-0"]
[Round "01"]
[TimeControl "180+2"]
[Date "2023.05.16"]
[WhiteClock "0:00:54"]
[BlackClock "0:00:03"]

1. c4 Nf6 2. Nc3 g6 3. e4 d6 4. d4 Bg7 5. Nge2 O-O 6. Ng3 h5 7. Be2 h4 8. Nf1 c5 9. d5 e6 10. Bg5 Qa5 11. Nd2 h3 12. gxh3 exd5 13. cxd5 Bxh3 14. Rg1 Bd7 15. h4 b5 16. a4 b4 17. Nb5 Qb6 18. h5 Bxb5 19. axb5 Nbd7 20. Ra6 Qd8 21. hxg6 fxg6 22. Bg4 Ne5 23. Be6+ Nf7 24. e5 dxe5 25. Ne4 Nxe4 26. Bxd8 Raxd8 27. Rxg6 Kh7 28. Qh5+ Nh6 29. Rxh6+ Bxh6 30. Rxa7+ Rd7 31. Rxd7+ Rf7 32. Rxf7+ Kg8 33. Qg6+ Bg7 34. Qxg7# 1-0


[Site "https://www.chess.com"]

[Event "Titled Tuesday Blitz May 16 Late 2023"]
[White "Vega Gutierrez, Sabrina"]
[Black "Krzyzanowski, Marcin"]
[WhiteFideId "2219026"]
[BlackFideId "1132199"]
[WhiteElo "2209"]
[BlackElo "2471"]
[Result "0-1"]
[Round "01"]
[TimeControl "180+2"]
[Date "2023.05.16"]
[WhiteClock "0:00:00"]
[BlackClock "0:00:01"]

1. e4 c5 2. Nf3 Nc6 3. d4 cxd4 4. Nxd4 e5 5. Nb5 d6 6. c4 a6 7. N5c3 Be6 8. Nd5 Nf6 9. Nbc3 Be7 10. Be2 O-O 11. O-O Rc8 12. Be3 Nd7 13. Qd2 f5 14. exf5 Bxf5 15. Bd3 Be6 16. b4 Nf6 17. h3 Nd4 18. Rfe1 Nf5 19. Bb6 Qd7 20. Rad1 Nh4 21. Nxe7+ Qxe7 22. Qg5 Ng6 23. c5 Qf7 24. Bxg6 hxg6 25. Rxd6 Nd7 26. Ne4 Nxb6 27. Rxb6 Bd5 28. Qxe5 Bxe4 29. Qxe4 Qxf2+ 30. Kh2 Rce8 31. Re6 Rxe6 32. Qxe6+ Kh7 33. Re4 Rf5 34. Rg4 Rf6 35. Qe4 Rf7 36. Qxg6+ Kg8 37. Qd6 Rf6 38. Qd8+ Kh7 0-1


[Site "https://www.chess.com"]

[Event "Titled Tuesday Blitz May 16 Late 2023"]
[White "Sokolovsky, Yahli"]
[Black "merinasian"]
[WhiteFideId "2820242"]
[WhiteElo "2389"]
[BlackElo "2458"]
[Result "1-0"]
[Round "01"]
[TimeControl "180+2"]
[Date "2023.05.16"]
[WhiteClock "0:00:07"]
[BlackClock "0:00:08"]

1. b3 e5 2. Bb2 Nc6 3. e3 d5 4. Nf3 Bd6 5. Bb5 f6 6. c4 Ne7 7. Nc3 Be6 8. d4 e4 9. Nd2 Bb4 10. cxd5 Bxc3 11. Bxc3 Bxd5 12. Qc2 f5 13. f3 O-O 14. O-O-O a6 15. Be2 a5 16. Bb5 Nb4 17. Qb2 c6 18. Be2 b5 19. Rhf1 Qd6 20. a3 Nd3+ 21. Bxd3 exd3 22. e4 b4 23. exd5 bxc3 24. Qxc3 Nxd5 25. Qb2 Ne3 26. Nc4 Nxc4 27. bxc4 Rab8 28. Qc3 a4 29. Rxd3 Rb3 30. Qc2 Qxa3+ 31. Kd2 Rfb8 32. Rc1 Rxd3+ 33. Qxd3 Rb2+ 34. Rc2 Qb4+ 35. Qc3 Rxc2+ 36. Kxc2 Qb6 37. d5 cxd5 38. cxd5 Qf2+ 39. Qd2 Qc5+ 40. Kd1 a3 41. d6 Qg1+ 42. Kc2 a2 43. Qd5+ Kf8 44. Qxf5+ Kg8 45. Qe6+ Kf8 46. Qe7+ Kg8 47. Qe8# 1-0


[Site "https://www.chess.com"]

[Event "Titled Tuesday Blitz May 16 Late 2023"]
[White "Toniutti, Ezio"]
[Black "Quispe Arteaga, Gabriel"]
[WhiteFideId "113034"]
[BlackFideId "32059809"]
[WhiteElo "2215"]
[BlackElo "2274"]
[Result "0-1"]
[Round "01"]
[TimeControl "180+2"]
[Date "2023.05.16"]
[WhiteClock "0:00:21"]
[BlackClock "0:02:19"]

1. d4 Nf6 2. c4 e6 3. g3 Bb4+ 4. Bd2 Be7 5. Nf3 d5 6. Bg2 O-O 7. O-O c6 8. Qc2 Nbd7 9. Rd1 b6 10. Bf4 Ba6 11. Nbd2 Nh5 12. Rac1 Nxf4 13. gxf4 Bd6 14. e3 Rc8 15. Bf1 Bb7 16. Bg2 f5 17. Qa4 a6 18. cxd5 cxd5 19. Ne5 Nxe5 20. dxe5 Bc5 21. b4 b5 22. Qb3 Bb6 23. Nf3 Qe7 24. Nd4 Rc4 25. a3 g5 26. fxg5 f4 27. Rxc4 dxc4 28. Qc2 Qxg5 29. f3 fxe3 30. Nxe6 e2+ 0-1


[Site "https://www.chess.com"]

[Event "Titled Tuesday Blitz May 16 Late 2023"]
[White "Riehle, Marco"]
[Black "Womacka, Mathias"]
[WhiteFideId "12904392"]
[BlackFideId "4611390"]
[WhiteElo "2462"]
[BlackElo "2377"]
[Result "1-0"]
[Round "01"]
[TimeControl "180+2"]
[Date "2023.05.16"]
[WhiteClock "0:00:14"]
[BlackClock "0:00:06"]

1. e4 c5 2. a3 g6 3. h4 Bg7 4. h5 Nc6 5. Nc3 d6 6. Bc4 e6 7. d3 a6 8. Nf3 b5 9. Bb3 Bb7 10. Bg5 Qd7 11. Qd2 h6 12. hxg6 hxg5 13. gxf7+ Qxf7 14. Rxh8 Bxh8 15. Nxg5 Qg6 16. Bxe6 Ne5 17. O-O-O Bf6 18. Nh3 Ne7 19. f4 Nd7 20. f5 Qg7 21. Nf4 O-O-O 22. Kb1 Kb8 23. Rh1 Ne5 24. Nh5 Qg5 25. Qxg5 Bxg5 26. f6 N7g6 27. Rf1 Rf8 28. Rf5 Bh6 29. Nd5 Bc8 30. Bxc8 Kxc8 31. c3 Kd7 32. Kc2 Nf7 33. d4 cxd4 34. cxd4 Rc8+ 35. Kb3 Rc1 36. Ng3 Rd1 37. Rf3 Rxd4 38. Nf5 Rxe4 39. Nxh6 Nxh6 40. f7 Nf8 41. Nf6+ Ke6 42. Nxe4 Nxf7 43. Ng5+ Nxg5 44. Rxf8 Ne4 45. Re8+ Kf5 46. Kc2 Kf4 47. Kd3 Nc5+ 48. Kd4 Na4 49. b4 Nb2 50. Ra8 Kg3 51. Rxa6 Kxg2 52. Rxd6 Kf3 53. Kc5 Ke4 54. Kxb5 Nd3 55. Rxd3 Kxd3 56. a4 1-0


[Site "https://www.chess.com"]